 Dungeon Crawl Stone Soup version 0.28.0 (webtiles) character file.

Game seed: 5390297094671038870

1551 Kalagan26 the Thaumaturge (level 9, -3/57 HPs)
             Began as a Djinni Ice Elementalist on Feb 18, 2022.
             Slain by a shadow (9 damage)
             ... on level 9 of the Dungeon.
             The game lasted 00:25:33 (6354 turns).

Kalagan26 the Thaumaturge (Djinni Ice Elementalist) Turns: 6354, Time: 00:25:33

Health: -3/57      AC:  2    Str:  7    XL:     9   Next: 12%
Gold:   109        EV: 15    Int: 21    God:
                   SH:  0    Dex: 20

rFire   + + .      SeeInvis .   t - +6 dagger "Okeisu" {vorpal, rElec rC- Dex+6 Stlth+}
rCold   x x .      Faith    .   (no shield)
rNeg    . . .      Spirit   .   a - +0 robe rPois โˆž Reflect .
                                (no helmet)
rElec   +          Harm     .   (no cloak)
rCorr   .          Rampage  .   (no gloves)
Will    .....                   (boots unavailable)
Stlth   ++........              (no amulet)
HPRegen 0.19/turn               (no ring)
MPRegen 0.00/turn               (no ring)

@: silenced, attractive, flying
A: sickness immunity, fire resistance 2, cold vulnerability 1, float, innate
caster, HP casting, extra vitality 1
a: no special abilities


You were on level 9 of the Dungeon.
You visited 1 branch of the dungeon, and saw 7 of its levels.

You collected 109 gold pieces.

Inventory:

Hand Weapons
 t - the +6 dagger "Okeisu" (weapon) {vorpal, rElec rC- Dex+6 Stlth+}
   (You found it on level 5 of the Dungeon)

   It inflicts extra damage upon your enemies.
   Dex:       It affects your dexterity (+6).
   rC:        It makes you vulnerable to cold.
   rElec:     It insulates you from electricity.
   Stlth:     It makes you more stealthy.
Missiles
 s - 7 poisoned darts
Armour
 a - a +0 robe (worn)
 l - a +0 ring mail of fire resistance
Jewellery
 p - a ring of protection from cold
Scrolls
 e - a scroll of acquirement {unknown}
 f - 2 scrolls of identify
 g - a scroll of blinking {unknown}
 i - a scroll of enchant armour {unknown}
 j - 2 scrolls of vulnerability
 m - a scroll of fear {unknown}
 o - a scroll of fog {unknown}
 r - a scroll of teleportation {unknown}
Potions
 b - a potion of degeneration {unknown}
 c - a potion of attraction
 d - a potion of lignification {unknown}
 h - 2 potions of heal wounds {unknown}
 k - a potion of might {unknown}
 q - a potion of magic {unknown}


   Skills:
 + Level 1.2 Fighting
 * Level 4.9 Dodging
 - Level 1.8 Stealth
 * Level 8.3 Spellcasting


You had 4 spell levels left.
You knew the following spells:

 Your Spells              Type           Power      Damage    Failure   Level
a - Freeze                Ice            100%       1d11      1%          1
b - Frozen Ramparts       Ice            86%        1d10      1%          3
c - Ozocubu's Armour      Ice            43%        N/A       1%          3
d - Hailstorm             Conj/Ice       43%        3d10      2%          4
e - Shock                 Conj/Air       100%       1d9       1%          1
f - Passwall              Tmut/Erth      35%        N/A       1%          2
g - Summon Guardian Gole  Hex/Summ       43%        N/A       1%          3
h - Portal Projectile     Hex/Tloc       86%        N/A       1%          3
Your spell library was empty.

Dungeon Overview and Level Annotations

Branches:
Dungeon (9/15)
 Temple: D:4-7         Lair: D:8-11         Orc: D:9-12

Altars:
Ashenzari
Nemelex Xobeh
Okawaru
Ru
Wu Jian
Xom


Innate Abilities, Weirdness & Mutations

You are immune to sickness and miasma.
You are immune to poison.
Your flesh is very heat resistant. (rF++)
You are vulnerable to cold. (rC-)
You float through the air rather than walking.
You learn spells naturally, not from books.
Your magical power is your life essence.
You have superior vitality. (+4 MHP)


Message History

* * * LOW HITPOINT WARNING * * *
The centaur zombie hits you but does no damage.
The centaur zombie kicks you but does no damage.
Aiming: Freeze (safe; 1% risk of failure)
Press: ? - help, Q - select action, (/) - cycle Shift-Dir - straight line, f/p - centaur zombie
Aim: a centaur zombie (almost destroyed, ally target)
You freeze the centaur zombie but do no damage.
The centaur zombie completely resists.
* * * LOW HITPOINT WARNING * * *
The centaur zombie hits you but does no damage.
The centaur zombie closely misses you.
Aiming: Freeze (safe; 1% risk of failure)
Press: ? - help, Q - select action, (/) - cycle Shift-Dir - straight line, f/p - centaur zombie
Aim: a centaur zombie (almost destroyed, ally target)
You freeze the centaur zombie.
The centaur zombie resists.
The centaur zombie is almost destroyed.
* * * LOW HITPOINT WARNING * * *
The centaur zombie closely misses you.
The centaur zombie barely misses you. x2
The centaur zombie closely misses you.
As you read the scroll labelled CURUSONISA, it crumbles to dust.
It is a scroll of identify.
j - 2 scrolls of vulnerability The centaur zombie closely misses you.
The centaur zombie completely misses you.
As you read the scroll labelled CUPIMU ZIOTZ, it crumbles to dust.
A profound silence engulfs you.
It was a scroll of silence.
Your guardian golem disappears in a puff of smoke!
The centaur zombie hits you.
* * * LOW HITPOINT WARNING * * *
The centaur zombie closely misses you.
A shadow comes into view.
Found a fuming orange potion.
Magic scrolls do not work when you're silenced!
The centaur zombie closely misses you. x2
It was a potion of attraction.
You feel attractive to monsters. The centaur zombie misses you.
The centaur zombie closely misses you.
The centaur zombie barely misses you. x2; The shadow is attracted toward you.
The shadow hits you!
You die...

#..... ##+
#.....#######....#
#................#####
#.....................
#....................#
#...................#
#.............ยง.....#
#......<.....W.......
#......(....Z@.......
#.#......#######.!....
#.....#...โ‰ˆ... ..###
#$......#...#. .#
#......## P.# .#
##...#..P ... #
#...#โ‰ˆ.P. ..
....#...... .
.......##PPP


You could see a shadow (unsilenced) and a centaur zombie.

Vanquished Creatures
  Pikel (D:8)
  3 yaks (D:8)
  A black bear (D:8)
  A necrophage (D:2)
  A lemure (D:8)
  A bullfrog (D:8)
  3 orc priests (D:5)
  An iguana (D:5)
  An orc wizard (D:5)
  4 gnolls (D:4)
  7 adders
  3 dart slugs
  6 orcs
  4 bats
  4 endoplasms
  A giant cockroach (D:2)
  5 goblins
  2 jackals (D:2)
  4 quokkas
  4 ball pythons
  A frilled lizard (D:2)
  6 kobolds
  7 rats
71 creatures vanquished.

Vanquished Creatures (others)
  An acid dragon (D:8)
1 creature vanquished.

Grand Total: 72 creatures vanquished

Notes
Turn   | Place    | Note
-------+----------+-------------------------------------------
     0 | D:1      | Kalagan26 the Djinni Ice Elementalist began the quest for
                  | the Orb.
     0 | D:1      | Reached XP level 1. HP: 15/15 MP: 0/0
     2 | D:1      | Noticed a dwarf
     2 | D:1      | Noticed a merfolk
     4 | D:1      | Noticed a draconian
     4 | D:1      | Noticed a gargoyle
     6 | D:1      | Noticed a spriggan
     8 | D:1      | Noticed a demonspawn
    10 | D:1      | Noticed a vine stalker
    12 | D:1      | Noticed a demigod
    12 | D:1      | Noticed a troll
    14 | D:1      | Noticed a vampire
    14 | D:1      | Noticed a ghoul
    16 | D:1      | Noticed a tengu
    16 | D:1      | Noticed a naga
    18 | D:1      | Noticed a felid
    18 | D:1      | Noticed an ogre
    20 | D:1      | Noticed an octopode
    20 | D:1      | Noticed a human
    22 | D:1      | Noticed an elf
    24 | D:1      | Noticed a minotaur
    26 | D:1      | Noticed a formicid
   226 | D:1      | Reached XP level 2. HP: 8/21 MP: 0/0
  1452 | D:2      | Identified the +0 ring mail of Ebbun {rF+ Int+2}
  1462 | D:2      | Reached XP level 3. HP: 24/25 MP: 0/0
  1462 | D:2      | Learned a level 1 spell: Shock
  1906 | D:2      | Noticed a necrophage
  1912 | D:2      | Killed a necrophage
  1913 | D:2      | Reached skill level 4 in Spellcasting
  1913 | D:2      | Reached XP level 4. HP: 28/31 MP: 0/0
  1913 | D:2      | Reached XP level 5. HP: 32/35 MP: 0/0
  1913 | D:2      | Learned a level 2 spell: Passwall
  2500 | D:2      | Found a faded altar of an unknown god.
  3044 | D:3      | Found a sacrificial altar of Ru.
  3468 | D:3      | Found an iron altar of Okawaru.
  3603 | D:3      | Found a sparkling altar of Nemelex Xobeh.
  3794 | D:4      | Reached XP level 6. HP: 28/40 MP: 0/0
  3805 | D:4      | Reached skill level 5 in Spellcasting
  4022 | D:5      | Entered Level 5 of the Dungeon
  4611 | D:5      | Identified the +6 dagger "Okeisu" {vorpal, rElec rC- Dex+6
                  | Stlth+}
  4627 | D:5      | Found a broken altar of Ashenzari.
  4641 | D:5      | Reached XP level 7. HP: 29/45 MP: 0/0
  4641 | D:5      | Learned a level 3 spell: Summon Guardian Golem
  4754 | D:5      | You are sucked into a shaft and drop 3 floors!
  4777 | D:8      | Found a shimmering altar of Xom.
  4778 | D:8      | Noticed Pikel
  4779 | D:8      | Noticed an acid dragon
  4803 | D:8      | Killed Pikel
  4804 | D:8      | Reached skill level 6 in Spellcasting
  4804 | D:8      | Reached XP level 8. HP: 8/51 MP: 0/0
  5322 | D:8      | Reached skill level 7 in Spellcasting
  5919 | D:8      | Noticed a yak
  5919 | D:8      | Noticed a yak
  5919 | D:8      | Noticed a yak
  5933 | D:8      | Killed a yak
  5934 | D:8      | Reached skill level 1 in Fighting
  5936 | D:8      | Killed a yak
  5937 | D:8      | Reached skill level 8 in Spellcasting
  5937 | D:8      | Reached XP level 9. HP: 10/57 MP: 0/0
  5937 | D:8      | Learned a level 3 spell: Portal Projectile
  6248 | D:8      | Found an ornate altar of the Wu Jian Council.
  6354 | D:9      | Slain by a shadow

Illustrated notes

Levels and vault maps discovered:
D:1:      kb_arrival_jail, layout_loops_corners, hex_tiny,
          minmay_misc_feat_doors, kennysheep_flooded_box
D:2:      layout_loops_corners, ebering_ecumenical_altar_abandoned,
          minivault_27, minmay_misc_feat_encased, roderic_roman_lattice,
          minmay_misc_feat_pillars
D:3:      layout_loops_ring, hangedman_ru_absence,
          nicolae_overflow_crystal_walls, lemuel_coloured_pillars_altar,
          hangedman_decor_growths
D:4:      layout_gridville, vehumet_statue, serial_shops, shop
D:5:      layout_gridville, lemuel_crystal_altar,
          minmay_temple_entry_enclosed_plants
D:8:      kennysheep_seaside_town, layout_loops_corners,
          mainiacjoe_overflow_alcove_4, mainiacjoe_overflow_paths, uniq_pikel
D:9:      minmay_ornate_pinched, layout_irregular_city, dpeg_oklobed_lair,
          enter_bailey_4

Skill      XL: |  1  2  3  4  5  6  7  8 |
---------------+-------------------------+-----
Spellcasting   | 4 5 6 8 |  8.3
Dodging        | 3 4 |  4.9
Fighting       | 1 |  1.2
Stealth        | |  1.8

Action                   |  1- 3 |  4- 6 |  7- 9 || total
-------------------------+-------+-------+-------++-------
Melee: Unarmed           |     2 |     1 |       ||     3
       Scythe            |       |     5 |       ||     5
       Dagger            |       |     1 |       ||     1
Throw: Dart              |       |       |     4 ||     4
 Cast: Freeze            |    27 |     7 |    31 ||    65
       Shock             |    15 |    73 |    28 ||   116
       Passwall          |       |     2 |       ||     2
       Summon Guardian G |       |       |     4 ||     4
       Portal Projectile |       |       |     1 ||     1
       Hailstorm         |       |       |     1 ||     1
  Use: Scroll            |       |       |     2 ||     2
       Potion            |       |       |     1 ||     1
 Stab: Sleeping          |       |     1 |       ||     1
Armor: Robe              |     4 |     3 |    20 ||    27
Dodge: Dodged            |    21 |    29 |    56 ||   106
